Map: Dusk Towers

Players

LilDicky - Winner!

  • Race: Terran Terran
  • League: Diamond

Bonehead

  • Race: Protoss Protoss
  • League: Gold

VOD

http://www.twitch.tv/tumescentpie

Description

Time

  • Played on: Nov. 27, 2015, 10:14 a.m.
  • Length: 11:55
Show
View Real Time Build Order
Export as new Build Order

LilDicky Terran - Winner!

Build Orders: MMM Bio 

Get SALT Encoding   

  12  0:01  SCV  
  13  0:13  SCV  
  14  0:19  Supply Depot  
  14  0:25  SCV  
  15  0:32  Refinery  
  15  0:40  SCV  
  16  0:51  Barracks  
  16  0:53  SCV  
  17  1:16  SCV  
  18  1:37  Supply Depot  
  18  1:42  Marine  
  18  1:43  Orbital Command  
  18  1:46  Factory  
  19  2:04  Marine  
  20  2:10  Barracks  
  20  2:11  SCV, Barracks  
  21  2:17  Refinery  
  21  2:22  Barracks Reactor  
  21  2:28  SCV  
  22  2:41  Widow Mine  
  23  2:59  Barracks Tech Lab  
  23  3:00  Barracks Tech Lab  
  23  3:01  SCV  
  23  3:03  Supply Depot, Marine x2  
  26  3:13  SCV, Widow Mine  
  29  3:20  Marine x2  
  29  3:22  Combat Shields, Stimpack  
  29  3:25  SCV  
  32  3:37  SCV, Marine x2  
  32  3:39  Marauder  
  37  3:44  Supply Depot  
  37  3:56  Marauder  
  39  4:06  SCV, Marauder, Marine  
  43  4:11  Supply Depot, Marine  
  44  4:18  SCV  
  44  4:24  Marauder, Marine  
  44  4:27  Marine  
  44  4:30  SCV  
  46  4:33  Starport  
  46  4:42  SCV  
  46  4:45  Supply Depot  
  47  4:46  Marine  
  48  4:58  Marauder x2  
  48  4:59  Concussive Shells  
  52  5:09  Marine  
  52  5:10  Marine  
  52  5:11  SCV  
  55  5:14  Medivac  
  57  5:24  SCV  
  57  5:27  Supply Depot  
  57  5:54  Widow Mine  
  61  6:15  Marine x2  
  61  6:16  Marine, Marauder  
  66  6:21  Starport Tech Lab  
  66  6:23  Widow Mine  
  66  6:25  Command Center  
  66  6:42  Marine x2  
  68  7:32  SCV  
  69  7:42  Command Center  
  69  7:50  Banshee, Cloaking Field  
  72  7:53  SCV  
  73  8:01  Command Center  
  73  8:17  Marine x3  
  73  8:18  Marauder  
  78  8:24  SCV  
  78  8:25  Orbital Command  
  79  8:34  Marine  
  79  8:35  Raven  
  79  8:36  SCV  
  83  8:46  Command Center  
  83  8:49  SCV  
  84  9:01  SCV  
  85  9:05  Marine x3  
  85  9:06  Marauder  
  85  9:07  SCV  
  92  9:12  Orbital Command  
  92  9:15  Orbital Command  
  91  9:18  SCV  
  91  9:19  SCV  
  95  9:24  Marauder  
  95  9:41  SCV x2  
  97  9:51  Raven  
  99  10:07  Command Center  
  99  10:25  SCV x2  
  101  10:30  Orbital Command  
  101  10:57  Command Center  
  101  11:03  Raven  
  103  11:37  Command Center  
  103  11:51  Refinery  
  103  11:53  Refinery  
  103  11:54  Command Center  
Show
View Real Time Build Order
Export as new Build Order

Bonehead Protoss 

Build Orders:  

Get SALT Encoding   

  12  0:03  Probe (Chrono Boost)  
  13  0:13  Probe (Chrono Boost)  
  14  0:20  Pylon  
  14  0:24  Probe (Chrono Boost)  
  15  0:38  Probe (Chrono Boost)  
  15  0:39  Gateway  
  16  0:47  Assimilator  
  16  0:49  Probe (Chrono Boost)  
  17  0:59  Probe (Chrono Boost)  
  18  1:10  Probe (Chrono Boost)  
  19  1:12  Assimilator  
  19  1:21  Probe (Chrono Boost)  
  19  1:24  Pylon  
  20  1:26  Cybernetics Core  
  20  1:31  Probe (Chrono Boost)  
  21  1:42  Probe (Chrono Boost)  
  22  1:52  Probe (Chrono Boost)  
  23  2:05  Warp Gate (Chrono Boost)  
  22  2:10  Probe, Gateway  
  25  2:23  Mothership Core (Chrono Boost), Pylon  
  25  2:42  Adept  
  27  2:47  Probe  
  28  3:14  Robotics Facility  
  25  3:21  Adept x2  
  25  3:23  Probe  
  30  3:31  Nexus  
  30  3:33  Pylon  
  30  3:36  Probe  
  23  3:53  Probe  
  22  4:02  Observer (Chrono Boost)  
  23  4:05  Probe  
  19  4:17  Probe, Adept x2  
  23  4:29  Probe  
  24  4:41  Probe  
  24  4:43  Twilight Council  
  25  4:53  Probe (Chrono Boost)  
  25  4:54  Probe (Chrono Boost)  
  27  5:07  Stalker  
  27  5:10  Probe (Chrono Boost)  
  30  5:19  Probe (Chrono Boost)  
  30  5:21  Probe (Chrono Boost)  
  32  5:30  Stalker  
  34  5:42  Probe (Chrono Boost)  
  33  5:47  Stalker  
  16  5:59  Adept  
  3  7:02  Assimilator  
  2  9:11  Assimilator  
Tags
 
Add a new tag
Caveats
  • Supply blocks, unpowered buildings, or Contaminate may cause inaccurate times.
  • Supply counts are checked every 10 seconds.